Match 39264919
Unlisted

Match 39264919
End
Selects Australian Defense Battlegroup
Selects Australian Light Infantry Section
Australian Light Infantry Section
Construct Section Command Post
Australian Light Infantry Section
Selects 2-pounder Anti-tank Gun Team
Selects Defensive Tactics
Australian Light Infantry Section
Construct Platoon Command Post
CMP 15cwt Truck
Selects CMP 15cwt Supply Run
Unlock Bishop Self-propelled Artillery
Selects Artillery Trip Wire Flares
Bishop Self-propelled Artillery
Infantry Section
Grenade Package
Infantry Section
Selects Charged Creeping Barrage
Charged Creeping Barrage
Construct Company Command Post
Charged Creeping Barrage
Selects Hold the Line!
Matilda II Heavy Tank
Charged Creeping Barrage
General Kittens
Пахазок
Golden
Mael Radec
JustMayMay
LTN.lejol
Gaygay means a real gay
dasqew
0
0

Comments sign in to comment!

No comments posted yet!